 Dungeon Crawl Stone Soup version 0.30.1-11-g7821555f0a (webtiles) character file.

Game seed: 246472368809643024

17 porpoise the Firebug (level 2, 0/20 HPs)
             Began as a Draconian Fire Elementalist on Dec 3, 2023.
             Slain by an endoplasm (2 damage)
             ... on level 1 of the Dungeon on Dec 5, 2023.
             The game lasted 00:02:30 (1437 turns).

porpoise the Firebug (Draconian Fire Elementalist)  Turns: 1437, Time: 00:02:30

Health: 0/20       AC:  4    Str: 10    XL:     2   Next: 44%
Magic:  1/5        EV: 12    Int: 15    God:
Gold:   46         SH:  0    Dex: 11    Spells: 2/5 levels left

rFire   + + .        (no weapon)
rCold   . . .        (no shield)
rNeg    . . .        (body armour unavailable)
rPois   .            (helmet restricted)
rElec   .            (no cloak)
rCorr   .            (no gloves)
SInv    .            (no boots)
Will    .....        (no amulet)
Stlth   ++           d - ring of protection from fire
HPRegen 0.23/turn    e - ring of protection from fire
MPRegen 0.09/turn

%: no passive effects
@: no status effects
A: AC +4, unfitting armour, cold-blooded
a: no special abilities


You were on level 1 of the Dungeon.
You visited 1 branch of the dungeon, and saw 2 of its levels.

You collected 46 gold pieces.

Inventory:

Jewellery
 d - a ring of protection from fire (left hand)
 e - a ring of protection from fire (right hand)
Scrolls
 b - a scroll of summoning {unknown}
 c - 2 scrolls of teleportation {unknown}
Potions
 a - a potion of magic


   Skills:
 - Level 1.7 Dodging
 - Level 1.7 Stealth
 + Level 2.3 Spellcasting
 + Level 1.6 Conjurations
 + Level 3.3 Fire Magic


You had 2 spell levels left.
You knew the following spells:

 Your Spells              Type           Power      Damage    Failure   Level
a - Foxfire               Conj/Fire      36%        2x1d5     8%          1
b - Scorch                Fire           22%        2d5       9%          2

Your spell library contained the following spells:

 Spells                   Type           Power      Damage    Failure   Level
 Inner Flame              Hex/Fire       6%         N/A       32%         3
 Volatile Blastmotes      Fire/Tloc      12%        2d11      32%         3
 Flame Wave               Conj/Fire      9%         2d6       61%         4


Dungeon Overview and Level Annotations

Branches:
Dungeon (2/15)

Altars:


Innate Abilities, Weirdness & Mutations

Your plain brown scales are hard. (AC +4)
You cannot fit into any form of body armour.
You are cold-blooded and may be slowed by cold attacks.


Message History

The orc hits you but does no damage. The endoplasm completely misses you.
Casting: Foxfire (safe; 8% risk of failure)
Confirm with . or Enter, or press ? or * to list all spells.
You conjure some foxfire!
The orc barely misses you. The endoplasm freezes you.
You are frozen.
You feel yourself slow down.
You hit the endoplasm.
Your tail-slap misses the endoplasm.
The endoplasm is moderately wounded.
The foxfire hits the orc.
The orc is severely wounded.
The foxfire hits the orc but does no damage.
The orc is severely wounded.
The orc misses you. The endoplasm closely misses you.
The orc hits you with a +0 club. The endoplasm barely misses you.
Casting: Foxfire (safe; 8% risk of failure)
Confirm with . or Enter, or press ? or * to list all spells.
You conjure some foxfire!
The orc misses you. The endoplasm hits you.
* * * LOW HITPOINT WARNING * * *
You hit the endoplasm.
The endoplasm is heavily wounded.
The foxfire hits the orc but does no damage.
The orc is severely wounded.
The foxfire hits the orc but does no damage.
The orc is severely wounded.
The orc barely misses you. The endoplasm freezes you.
You are frozen.
* * * LOW HITPOINT WARNING * * *
The orc hits you with a +0 club.
* * * LOW HITPOINT WARNING * * *
The endoplasm freezes you.
You are frozen.
* * * LOW HITPOINT WARNING * * *
You feel as though you will be slow longer.
Casting: Foxfire (safe; 8% risk of failure)
Confirm with . or Enter, or press ? or * to list all spells.
You conjure some foxfire!
You feel yourself speed up. The orc misses you. The endoplasm hits you.
You die...

## #...##.#.#..###.##.#.##..#
.####...##.#.#...............####
........##.#.#..###.##.#.##[.....
#.......##.#....# #.##.#.##..####
##..............# #.##.#.##..#
#......##.#....# #.##.#.##..####
#...#####.##...###.............#
#...#####.##..vvo...............
#.............ยง@J.....#.##..##..
#...##############.####.##..##..
#...# #.# #.##..##.. #...# #.#
#.##...... ##### #.# #.....##..
###################.####.##..##..
.................................
....................####.........
###################.# #.#...####


You could see an orc (ally target) and an endoplasm.

Vanquished Creatures
  A dart slug (D:1)
  2 orcs (D:1)
  A ball python (D:1)
  An endoplasm (D:1)
  A giant cockroach (D:1)
  3 hobgoblins (D:1)
  A quokka (D:1)
  A bat (D:1)
11 creatures vanquished.

Vanquished Creatures (others)
  38 foxfires
38 creatures vanquished.

Grand Total: 49 creatures vanquished

Notes
Turn   | Place    | Note
-------+----------+-------------------------------------------
     0 | D:1      | porpoise the Draconian Fire Elementalist began the quest
                  | for the Orb.
     0 | D:1      | Reached XP level 1. HP: 14/14 MP: 3/3
   452 | D:1      | Reached XP level 2. HP: 17/20 MP: 3/5
   475 | D:1      | Learned a level 2 spell: Scorch
  1268 | D:2      | Found a faded altar of an unknown god.
  1436 | D:1      | HP: 1/20 [frozen (1)]
  1437 | D:1      | Slain by an endoplasm

Illustrated notes

Levels and vault maps discovered:
D:1:      dpeg_arrival_another_circle, layout_basic
D:2:      layout_basic, nicolae_ecumenical_pavilion, minmay_pentomino_x2

Action                     || total
---------------------------++-------
  Melee: Unarmed           ||    14
         Tailslap          ||     5
   Cast: Foxfire           ||    23
 Armour: Skin              ||     5
  Dodge: Dodged            ||    25
